 Dungeon Crawl Stone Soup version 0.29-a0-322-g68df515428 (webtiles) character file.

Game seed: 10563137311480671450

1023 sammy202020 the Skirmisher (level 8, 20/65 HPs)
             Began as a Demonspawn Berserker on Apr 5, 2022.
             Was a Priest of Trog.
             Quit the game on level 5 of the Dungeon.
             The game lasted 00:07:16 (5414 turns).

sammy202020 the Skirmisher (Demonspawn Berserker)   Turns: 5414, Time: 00:07:16

Health: 20/65      AC:  9    Str: 17    XL:     8   Next: 2%
Magic:  8/8        EV: 10    Int: 11    God:    Trog [***...]
Gold:   260        SH:  4    Dex: 13    Spells: 7/7 levels left

rFire   . . .      SeeInvis +   a - +0 hand axe
rCold   . . .      Faith    .   (no shield)
rNeg    . . .      Spirit   .   t - +0 scale mail
rPois   .          Reflect  .   (helmet restricted)
rElec   .          Harm     .   r - +0 cloak
rCorr   .          Rampage  .   w - +0 pair of gloves
Will    +....                   (no boots)
Stlth   ..........              (no amulet)
HPRegen 0.20/turn               g - ring of see invisible
MPRegen 0.11/turn               f - ring of willpower

@: no status effects
A: hooves 1, horns 1, powered by death 1, condensation shield
a: Renounce Religion, Berserk, Trog's Hand


You were on level 5 of the Dungeon.
You worshipped Trog.
Trog was most pleased with you.
You visited 1 branch of the dungeon, and saw 5 of its levels.

You collected 260 gold pieces.

Inventory:

Hand Weapons
 a - a +0 hand axe (weapon)
 y - a +0 flail
Missiles
 l - 7 poisoned darts (quivered)
Armour
 r - a +0 cloak (worn)
 t - a +0 scale mail (worn)
 w - a +0 pair of gloves (worn)
Jewellery
 d - a +4 ring of protection
 f - a ring of willpower (right hand)
 g - a ring of see invisible (left hand)
 z - a ring of resist corrosion
Scrolls
 b - a scroll of noise {unknown}
 c - 2 scrolls of teleportation {unknown}
 h - 3 scrolls of identify {unknown}
 i - 3 scrolls of enchant weapon {unknown}
 m - 2 scrolls of enchant armour {unknown}
 n - a scroll of brand weapon {unknown}
Potions
 e - 2 potions of heal wounds {unknown}
 j - a potion of lignification {unknown}
 k - a potion of invisibility
 o - a potion of brilliance {unknown}
 p - a potion of degeneration {unknown}
 q - 2 potions of magic {unknown}
 s - 2 potions of curing {unknown}
 u - a potion of ambrosia {unknown}
 v - a potion of might {unknown}
 x - a potion of flight {unknown}


   Skills:
 * Level 6.5 Fighting
 * Level 6.0 Axes
 + Level 4.1 Armour
 - Level 1.7 Dodging


You had 7 spell levels left.
You didn't know any spells.
Your spell library was empty.

Dungeon Overview and Level Annotations

Branches:
Dungeon (5/15)             Temple (0/1) D:4

Altars:

Shops:
D:1 =


Innate Abilities, Weirdness & Mutations

You have large cloven feet.
You have a pair of small horns on your head.
You regenerate a little health from kills.
A meltable shield of frost defends you. (SH +4)


Message History

The water moccasin is almost dead.
You barely miss the hound.
You feel sick. The hound barely misses you. The hound bites you.
The water moccasin bites you but does no damage.
You miss the water moccasin. Your kick misses the water moccasin.
The water moccasin is almost dead.
You hit the hound but do no damage.
You feel sick. The hound barely misses you. The water moccasin misses you.
You hit the water moccasin.
You kill the water moccasin!
Trog accepts your kill.
You closely miss the hound.
You feel sick. You block the hound's attack. The hound bites you.
Your Axes skill increases to level 6!
You have reached level 8!
You feel clever.
Your demonic ancestry asserts itself...
A pair of horns grows on your head!
You hit the hound. You kick the hound, but do no damage.
The hound is moderately wounded.
You feel sick.
You are no longer poisoned.
The hound misses you.
You miss the hound. Your kick misses the hound. You headbutt the hound.
The hound is severely wounded.
The hound bites you. x2
You hit the hound but do no damage. You kick the hound.
The hound is severely wounded.
The hound misses you.
You closely miss the hound. Your kick misses the hound. You headbutt the hound.
The hound is almost dead.
The hound bites you. The hound barely misses you.
You closely miss the hound. Your kick misses the hound.
Your headbutt misses the hound.
The hound is almost dead.
The hound bites you.
* * * LOW HITPOINT WARNING * * *
You barely miss the hound. Your kick misses the hound.
The hound is almost dead.
The hound closely misses you. The hound misses you.
Are you sure you want to abandon this character and quit the game? (Confirm with "yes".)

########.#
.........#
#.....#
..)......#
......#
.........####
......#
#####.......#
......#
#.#####.#
......# #.
#.# ......#
#.
#.##†.....#
##
#..@h.....#
#####.....#
## ....# #.
#### #. #.
####. #....
#.### #.###


You could see a hound.

Vanquished Creatures
  A water moccasin (D:5)
  2 black bears
  A sky beast (D:5)
  2 ogres (D:5)
  A necrophage (D:4)
  A scorpion (D:4)
  3 hounds
  A jelly (D:5)
  An iguana (D:4)
  Jessica (D:2)
  3 adders
  4 gnolls (D:5)
  A river rat (D:3)
  3 ufetubi
  6 worms
  2 dart slugs
  2 orcs (D:5)
  2 ball pythons (D:3)
  5 bats
  6 endoplasms
  6 goblins
  6 hobgoblins
  3 jackals (D:1)
  8 quokkas
  5 frilled lizards
  7 kobolds
  3 rats
86 creatures vanquished.

Vanquished Creatures (others)
  4 toadstools (D:1)
4 creatures vanquished.

Grand Total: 90 creatures vanquished

Notes
Turn   | Place    | Note
-------+----------+-------------------------------------------
     0 | D:1      | sammy202020 the Demonspawn Berserker began the quest for
                  | the Orb.
     0 | D:1      | Reached XP level 1. HP: 18/18 MP: 1/1
   330 | D:1      | Discovered your monstrous ancestry.
   330 | D:1      | Gained mutation: You have large cloven feet. [demonic
                  | ancestry]
   330 | D:1      | Reached XP level 2. HP: 20/24 MP: 2/2
   455 | D:1      | Found Bymirro's Jewellery Shoppe.
   892 | D:1      | Found a faded altar of an unknown god.
  1089 | D:2      | Reached ** piety under Trog
  1091 | D:2      | Reached XP level 3. HP: 29/29 MP: 3/3
  1128 | D:2      | Noticed Jessica
  1155 | D:2      | Killed Jessica
  1274 | D:2      | Reached XP level 4. HP: 37/37 MP: 4/4
  3021 | D:3      | Reached XP level 5. HP: 42/42 MP: 5/5
  3336 | D:4      | Noticed a black bear
  3348 | D:4      | Killed a black bear
  3349 | D:4      | Gained mutation: You regenerate a little health from kills.
                  | [demonic ancestry]
  3349 | D:4      | Reached XP level 6. HP: 39/50 MP: 6/6
  3894 | D:4      | Reached skill level 5 in Fighting
  3997 | D:4      | Found a staircase to the Ecumenical Temple.
  4598 | D:4      | Reached skill level 5 in Axes
  4895 | D:5      | Entered Level 5 of the Dungeon
  4910 | D:5      | Gained mutation: A meltable shield of frost defends you.
                  | (SH +4) [demonic ancestry]
  4910 | D:5      | Reached XP level 7. HP: 35/56 MP: 7/7
  5255 | D:5      | Reached *** piety under Trog
  5408 | D:5      | Gained mutation: You have a pair of small horns on your
                  | head. [demonic ancestry]
  5408 | D:5      | Reached XP level 8. HP: 29/65 MP: 8/8
  5414 | D:5      | Quit the game

Illustrated notes

Levels and vault maps discovered:
D:1:      ldierk_walled_garden_2, layout_basic, serial_shops, shop,
          basic_ecumenical_altar
D:2:      layout_loops_ring, uniq_jessica
D:3:      layout_basic, gup_sewer_entry_spiral, kennysheep_generic_room_9
D:4:      layout_layer_cave, minmay_temple_entry_from_below_b
D:5:      minmay_spotlight, layout_basic

Skill      XL: |  1  2  3  4  5  6  7 |
---------------+----------------------+-----
Armour         | 2 3 4 |  4.1
Axes           | 3 4 5 6 |  6.0
Fighting       | 4 5 6 |  6.5
Dodging        | |  1.7

Action                   |  1- 3 |  4- 6 |  7- 9 || total
-------------------------+-------+-------+-------++-------
Melee: Hand axe          |    80 |   203 |    54 ||   337
       Kick              |    17 |    54 |    17 ||    88
       Punch             |       |     1 |       ||     1
       Headbutt          |       |       |     2 ||     2
Invok: Berserk           |     1 |       |     1 ||     2
       Trog's Hand       |     1 |       |     1 ||     2
Armor: Leather armour    |    35 |    38 |       ||    73
       Animal skin       |     1 |       |       ||     1
       Scale mail        |       |    36 |    30 ||    66
Dodge: Dodged            |    60 |   110 |    38 ||   208
Block: Other             |       |       |    12 ||    12

Table legend: (Time is in decaauts)
 A = Elapsed time spent in this place.
 B = Non-inter-level travel time spent in this place.
 C = Inter-level travel time spent in this place.
 D = Time resting spent in this place.
 E = Time spent auto-exploring this place.
 F = Levels seen in this place.
 G = Mean time per level.
                   A        B        C        D        E       F      G
               +--------+--------+--------+--------+--------+-----+--------+
         Total |   5503 |   5356 |    147 |     17 |   4290 |   5 | 1100.6 |
       Dungeon |   5503 |   5356 |    147 |     17 |   4290 |   5 | 1100.6 |
               +--------+--------+--------+--------+--------+-----+--------+

Top non-repeatable levels by time:
     D:4: 1563 daAuts
     D:3: 1389 daAuts
     D:1: 1078 daAuts
     D:2: 942 daAuts
     D:5: 528 daAuts
